 Dungeon Crawl Stone Soup version 0.19-a0-376-gf780d9b (webtiles) character file.

4054 mistymad the Covert (level 10, -10/79 HPs)
             Began as a Vampire Enchanter on May 30, 2016.
             Was an Initiate of Ashenzari.
             Mangled by a decayed bog body (13 damage)
             ... on level 8 of the Dungeon.
             The game lasted 00:36:54 (10244 turns).

mistymad the Covert (Vampire Enchanter)            Turns: 10244, Time: 00:36:55

Health: -10/79     AC:  6    Str:  7    XL:     10   Next: 4%
Magic:  3/17       EV: 16    Int: 19    God:    Ashenzari [......]
Gold:   283        SH:  0    Dex: 17    Spells: 6 memorised, 5 levels left

rFire  . . .     SeeInvis +     M - +0 dagger (venom)
rCold  + + .     Gourm    .     b - +1 robe
rNeg   + + +     Faith    .     (no shield)
rPois  +         Spirit   .     u - +0 helmet
rElec  .         Dismiss  .     r - +0 cloak
rCorr  .         Reflect  .     x - +0 pair of gloves
SustAt .         Harm     .     (no boots)
MR     +....                    (no amulet)
Stlth  +++++.....               E - ring of poison resistance
                                s - ring of flight

@: regenerating slowly, somewhat resistant to hostile enchantments, quite
stealthy
A: fangs 3, see invisible, unbreathing
a: Bat Form, Curse Item, Renounce Religion, Evoke Flight


You were on level 8 of the Dungeon.
You worshipped Ashenzari.
Ashenzari was noncommittal.
You were near bloodless.

You visited 2 branches of the dungeon, and saw 9 of its levels.
You also visited: Sewer and Ossuary.

You collected 283 gold pieces.

Inventory:

Hand Weapons
 a - a +1 dagger
 M - a +0 dagger of venom (weapon)
Missiles
 J - a throwing net (quivered)
Armour
 b - a +1 robe (worn)
 r - a +0 cloak (worn)
 u - a +0 helmet (worn)
 x - a +0 pair of gloves (worn)
Jewellery
 s - a ring of flight (left hand)
 E - a ring of poison resistance (right hand)
Wands
 y - a wand of iceblast (10/15)
 z - a wand of flame (18/48)
 F - a wand of iceblast (8/15)
 K - a wand of disintegration (14/24)
Scrolls
 e - 3 scrolls of teleportation {unknown}
 f - 3 scrolls of blinking {unknown}
 h - 5 scrolls of identify {unknown}
 i - a scroll of magic mapping {unknown}
 j - 6 scrolls of remove curse
 k - 4 scrolls of fear {unknown}
 l - a scroll of immolation {unknown}
 A - a scroll of random uselessness {unknown}
 B - a scroll of noise {unknown}
 D - a scroll of recharging {unknown}
 H - a scroll of fog {unknown}
 L - a scroll of enchant armour {unknown}
Potions
 d - 10 potions of blood
 m - 2 potions of curing {unknown}
 o - a potion of berserk rage {unknown}
 p - 2 potions of haste {unknown}
 q - 2 potions of resistance {unknown}
 t - a potion of degeneration {unknown}
 w - a potion of cancellation {unknown}
 C - 2 potions of flight {unknown}
 G - 2 potions of might {unknown}
 I - a potion of brilliance {unknown}
Books
 c - a book of Maledictions

   Spells                             Type                      Level
   a - Corona                         Hexes                        1
   b - Ensorcelled Hibernation        Hexes/Ice                    2
   c - Confuse                        Hexes                        3
   d - Tukima's Dance                 Hexes                        3
   e - Dazzling Spray                 Conjuration/Hexes            3
 n - a Young Poisoner's Handbook

   Spells                             Type                      Level
   a - Sting                          Conjuration/Poison           1
   b - Cure Poison                    Poison                       2
   c - Mephitic Cloud                 Conjuration/Poison/Air       3
   d - Olgreb's Toxic Radiance        Poison                       4
   e - Venom Bolt                     Conjuration/Poison           5


   Skills:
 * Level 7.0 Fighting
 + Level 5.9 Short Blades
 + Level 6.5 Dodging
 + Level 9.6 Stealth
 + Level 5.1 Spellcasting
 + Level 9.1 Hexes


You had 5 spell levels left.
You knew the following spells:

 Your Spells              Type           Power        Failure   Level  Hunger
a - Corona                Hex            #####..      1%          1    None
b - Ensorcelled Hibernat  Hex/Ice        ###...       3%          2    #......
c - Confuse               Hex            #####...     1%          3    ##.....
d - Tukima's Dance        Hex            #####...     1%          3    ##.....
e - Dazzling Spray        Conj/Hex       ###...       8%          3    ##.....
f - Cure Poison           Pois           #.........   21%         2    #......


Dungeon Overview and Level Annotations

Branches:
Dungeon (8/15)             Temple (1/1) D:7
   Lair: D:8-11

Altars:
Ashenzari
Cheibriados
Dithmenos
Elyvilon
Fedhas
Gozag
Hepliaklqana
Kikubaaqudgha
Makhleb
Nemelex Xobeh
Pakellas
Qazlal
Ru
Sif Muna
Trog
Ukayaw
Xom
Yredelemnul
Zin
The Shining One

Annotations:
D:8 1 runed door


Innate Abilities, Weirdness & Mutations

You heal slowly.
You have razor-sharp teeth.
You have supernaturally acute eyesight. (SInv)
You can survive without breathing.


Message History

The decayed bog body casts a spell at you.
The puff of frost misses you.
The decayed bog body closely misses you. x2
The decayed bog body hits you!!
* * * LOW HITPOINT WARNING * * *
The decayed bog body misses you.
There is a gate leading back out of this place here.
You take 19 damage, and have 5/79 hp.
MASSIVE DAMAGE!!
The decayed bog body barely misses you. x2; The decayed bog body hits you.
* * * LOW HITPOINT WARNING * * *
The decayed bog body completely misses you.
Welcome back to the Dungeon! x2
Level annotation: 1 runed door
There is a collapsed entrance here.
You take 2 damage, and have 3/79 hp.
Unknown command.
You hit the decayed bog body.
You destroy the decayed bog body!
The decayed bog body hits you!
You die...

#....#.# #....#.#
######.)..#.#
............#
##############
######....###
#............#
#....#######'##########.#
#....##...8...# #.#
##'####....n..# #.#.#
#.####.8.@.8.# ..#.#
#.##.........# #.#.#
#[##.....8..## # #.#.#
#.##...#..#.# #.#.#.#
#.##...#..#.# #.#.#)#
#.##.. #..#.# #...#)#
#.######..#.# #...#
#.#.......#.#
######'''### #.#.####.##
######.).###


You could see a decayed bog body.

Vanquished Creatures
  The ghost of tstbtto the Cleaver, a novice MiCK of Ru (D:5)
  Pikel (D:4)
  The ghost of tstbtto the Chopper, an amateur MiCK of Xom (D:4)
  Sigmund (D:2)
  A hippogriff (D:7)
  2 slaves (D:4)
  An orc warrior (D:7)
  2 sky beasts
  4 ogres
  4 centaurs
  A big kobold (Sewer)
  3 giant frogs
  2 gnoll sergeants
  A wyvern zombie (Ossuary)
  A water moccasin zombie (Ossuary)
  A scorpion (D:5)
  2 wights (D:7)
  4 bog bodies
  3 crimson imps
  A giant frog zombie (Ossuary)
  5 orc wizards
  A centaur zombie (Ossuary)
  3 jellies
  2 orc priests (D:5)
  Crazy Yiuf (D:2)
  Natasha (twice) (D:4)
  2 iguanas
  2 worker ants
  A killer bee zombie (Ossuary)
  2 hound zombies
  3 mummies (Ossuary)
  Robin (D:2)
  A worker ant zombie (Ossuary)
  A howler monkey skeleton (D:7)
  12 adders
  10 gnolls
  4 shadow imps
  3 adder skeletons
  4 adder zombies
  5 worms
  6 giant geckos
  32 orcs
  A ball python (D:1)
  7 giant cockroaches
  6 goblins
  6 hobgoblins
  2 jackals (Sewer)
  14 kobolds
  3 quokkas
  6 bats
  A giant gecko skeleton (D:7)
  A giant gecko zombie (Ossuary)
  5 giant newts
  2 quokka skeletons
  5 rats
199 creatures vanquished.

Vanquished Creatures (others)
  An ogre (D:8)
  3 withered plants (Ossuary)
4 creatures vanquished.

Grand Total: 203 creatures vanquished

Notes
Turn   | Place    | Note
--------------------------------------------------------------
     0 | D:1      | mistymad the Vampire Enchanter began the quest for the Orb.
     0 | D:1      | Reached XP level 1. HP: 13/13 MP: 3/3
   272 | D:1      | Reached XP level 2. HP: 6/20 MP: 3/5
   413 | D:1      | Learned a level 2 spell: Ensorcelled Hibernation
   577 | D:1      | Reached skill level 1 in Fighting
   913 | D:2      | Reached XP level 3. HP: 26/26 MP: 6/6
  1021 | D:2      | Noticed Sigmund
  1027 | D:2      | Learned a level 3 spell: Confuse
  1273 | D:2      | Killed Sigmund
  1273 | D:2      | Reached skill level 5 in Stealth
  1273 | D:2      | Reached skill level 5 in Hexes
  1273 | D:2      | Reached XP level 4. HP: 12/34 MP: 2/7
  1273 | D:2      | Reached XP level 5. HP: 14/39 MP: 2/8
  1312 | D:2      | Noticed Robin
  1981 | D:2      | Killed Robin
  2426 | D:2      | Noticed Crazy Yiuf
  2432 | D:2      | Killed Crazy Yiuf
  2598 | D:3      | Reached XP level 6. HP: 41/46 MP: 1/10
  3219 | D:4      | Noticed tstbtto's ghost (amateur MiCK)
  3260 | D:4      | Killed tstbtto's ghost
  3260 | D:4      | Reached XP level 7. HP: 50/53 MP: 8/11
  3455 | D:4      | Found a glowing drain.
  3460 | Sewer    | Entered a sewer
  3673 | Sewer    | Found a white marble altar of Elyvilon.
  4026 | D:4      | Noticed Natasha
  4048 | D:4      | Killed Natasha
  4050 | D:4      | Noticed Natasha
  4361 | D:4      | Killed Natasha
  4386 | D:4      | Noticed Pikel
  4446 | D:4      | Killed Pikel
  4446 | D:4      | Reached XP level 8. HP: 36/61 MP: 0/13
  4805 | D:5      | Entered Level 5 of the Dungeon
  5037 | D:5      | Reached skill level 5 in Fighting
  5244 | D:5      | Reached skill level 5 in Dodging
  5286 | D:5      | Found a hazy altar of Hepliaklqana.
  5356 | D:5      | Noticed tstbtto's ghost (novice MiCK)
  5393 | D:5      | Killed tstbtto's ghost
  5478 | D:5      | Reached XP level 9. HP: 68/69 MP: 12/15
  6374 | D:6      | Found a burning altar of Makhleb.
  6374 | D:6      | Found an ancient bone altar of Kikubaaqudgha.
  6791 | D:6      | Found an oddly glowing altar of Pakellas.
  6806 | D:6      | Found a white marble altar of Elyvilon.
  6807 | D:6      | Found a sacrificial altar of Ru.
  6807 | D:6      | Found a shattered altar of Ashenzari.
  6808 | D:6      | Found a snail-covered altar of Cheibriados.
  6815 | D:6      | Became a worshipper of Ashenzari the Shackled
  7447 | D:6      | Reached skill level 5 in Short Blades
  7635 | D:7      | Found a staircase to the Ecumenical Temple.
  7645 | Temple   | Entered the Ecumenical Temple
  7960 | D:7      | Learned a level 3 spell: Tukima's Dance
  7964 | D:7      | Learned a level 3 spell: Dazzling Spray
  7967 | D:7      | Learned a level 2 spell: Cure Poison
  9052 | D:5      | Reached skill level 5 in Spellcasting
  9335 | D:8      | Found a runed door.
  9337 | D:8      | Found a runed door.
  9441 | D:8      | Found a sand-covered staircase.
  9506 | D:8      | Found a sparkling altar of Nemelex Xobeh.
  9576 | Ossuary  | Entered an ossuary
  9881 | Ossuary  | Reached XP level 10. HP: 78/79 MP: 5/17
 10242 | Ossuary  | HP: 3/79 [decayed bog body (2)]
 10244 | D:8      | Mangled by a decayed bog body

Vault maps used:
D:1:      evilmike_arrival_fibonacci_small
D:2:      first_bread, uniq_sigmund, uniq_robin, uniq_crazy_yiuf_cottage
D:4:      portal_sewer_entry_e, uniq_pikel, uniq_natasha
D:5:      kennysheep_little_box
D:6:      grunt_pakellas_basics, overflow_temple_1_default,
          grunt_temple_overflow_open
D:7:      temple_pool_b
D:8:      lemuel_insect_pit, nemelex_altar_shiori, okawaru_gym_becter,
          nicolae_ossuary_entry_monument
Temple:   triangle_lava_temple_11
Sewer:    sewer_kobolds
Ossuary:  ossuary_zaba_flooded

Skill      XL: |  1  2  3  4  5  6  7  8  9 |
---------------+----------------------------+-----
Fighting       | 1 2 3 4 5 7 |  7.0
Short Blades   | 2 3 4 5 |  5.9
Dodging        | 3 4 5 6 |  6.5
Stealth        | 5 6 7 8 9 |  9.6
Hexes          | 5 6 7 9 |  9.1
Spellcasting   | 3 4 5 |  5.1

Action                   |  1- 3 |  4- 6 |  7- 9 | 10-12 || total
-------------------------+-------+-------+-------+-------++-------
Melee: Dagger            |   109 |   142 |   572 |    62 ||   885
       Bite              |     5 |    13 |    61 |    10 ||    89
 Cast: Corona            |     1 |       |       |       ||     1
       Ensorcelled Hiber |     1 |     5 |    26 |       ||    32
       Confuse           |     2 |    22 |    72 |    16 ||   112
 Abil: End Transformatio |       |       |     1 |       ||     1
       Bat Form          |       |       |     1 |       ||     1
  Use: Potion            |     2 |     2 |     9 |     3 ||    16
 Stab: Sleeping          |     9 |     9 |    46 |       ||    64
       Confused          |     1 |    12 |    48 |     7 ||    68
       Distracted        |       |     1 |       |       ||     1
Armor: Robe              |    19 |    25 |    60 |    13 ||   117
Dodge: Dodged            |    56 |    75 |   273 |    42 ||   446
